Map: Oxide LE

Players

ShoWTimE - Winner!

  • Race: Protoss Protoss

MaNa

  • Race: Protoss Protoss

Event: DreamHack SC2 Masters 2021 Fall

VOD

Have the link to the VOD?

Description

Time

  • Played on: Aug. 3, 2021, 12:15 p.m.
  • Length: 11:37

All games in this series

Show
View Real Time Build Order
Export as new Build Order

ShoWTimE Protoss - Winner!

Build Orders: Oracle Opening 

Get SALT Encoding   

  12  0:00  Probe  
  13  0:12  Probe  
  14  0:17  Pylon  
  14  0:24  Probe (Chrono Boost)  
  15  0:36  Probe (Chrono Boost)  
  15  0:37  Gateway  
  16  0:44  Probe (Chrono Boost)  
  16  0:46  Assimilator  
  17  0:51  Probe  
  17  0:56  Assimilator  
  18  1:03  Probe (Chrono Boost)  
  19  1:05  Pylon  
  19  1:14  Probe (Chrono Boost)  
  20  1:18  Probe (Chrono Boost)  
  20  1:24  Cybernetics Core  
  21  1:29  Probe  
  21  1:32  Zealot  
  24  1:41  Probe  
  25  1:53  Probe  
  26  2:01  Stargate  
  26  2:03  Adept  
  29  2:13  Warp Gate  
  28  2:31  Nexus  
  28  2:33  Pylon  
  28  2:35  Probe  
  29  2:41  Oracle (Chrono Boost)  
  28  2:51  Probe  
  32  3:03  Probe  
  36  3:15  Probe  
  36  3:19  Pylon, Void Ray (Chrono Boost)  
  38  3:27  Probe  
  37  3:34  Gateway  
  37  3:39  Probe  
  38  3:50  Twilight Council, Probe (Chrono Boost)  
  38  3:52  Probe (Chrono Boost)  
  38  3:54  Shield Battery  
  40  4:02  Probe (Chrono Boost)  
  41  4:03  Stalker  
  41  4:09  Probe (Chrono Boost)  
  44  4:10  Probe (Chrono Boost)  
  44  4:15  Pylon, Probe  
  44  4:16  Probe  
  47  4:27  Blink (Chrono Boost)  
  47  4:28  Probe x2  
  49  4:33  Stalker  
  51  4:40  Probe (Chrono Boost)  
  51  4:41  Forge  
  51  4:42  Stalker  
  55  4:45  Probe (Chrono Boost)  
  55  4:49  Probe (Chrono Boost)  
  57  4:53  Probe (Chrono Boost)  
  57  4:54  Probe  
  57  4:59  Gateway  
  58  5:04  Probe  
  59  5:07  Nexus  
  59  5:10  Probe  
  59  5:11  Protoss Ground Weapons Level 1 (Chrono Boost), Pylon  
  60  5:16  Probe  
  61  5:22  Assimilator  
  61  5:23  Stalker  
  61  5:27  Stalker  
  65  5:30  Probe x2  
  65  5:33  Robotics Facility  
  67  5:42  Pylon, Probe x2  
  69  5:46  Shield Battery  
  69  5:47  Stalker  
  71  5:53  Gateway  
  71  5:54  Probe x2  
  73  5:59  Stalker  
  75  6:08  Gateway  
  75  6:09  Gateway  
  75  6:11  Stalker  
  77  6:15  Stalker  
  77  6:17  Probe  
  80  6:19  Probe  
  80  6:20  Probe  
  80  6:21  Observer (Chrono Boost)  
  83  6:27  Stalker  
  83  6:29  Probe  
  83  6:30  Pylon  
  87  6:35  Observer (Chrono Boost)  
  89  6:41  Stalker x2  
  88  6:47  Stalker  
  88  6:50  Stalker  
  92  7:00  Protoss Ground Weapons Level 2 (Chrono Boost), Probe  
  87  7:02  Warp Prism  
  87  7:03  Probe  
  87  7:07  Stalker x3  
  94  7:09  Probe  
  94  7:10  Assimilator  
  94  7:12  Probe  
  96  7:15  Probe  
  96  7:16  Pylon  
  97  7:24  Gateway x2  
  97  7:27  Pylon  
  97  7:32  Pylon x2  
  97  7:33  Charge (Chrono Boost)  
  97  7:39  Zealot x6  
  97  7:41  Pylon  
  109  7:49  Immortal (Chrono Boost)  
  109  7:50  Pylon  
  113  8:01  Nexus  
  113  8:04  Zealot x2  
  113  8:05  Zealot  
  119  8:07  Sentry  
  121  8:13  Gateway  
  121  8:14  Gateway  
  121  8:15  Immortal  
  125  8:33  Shield Battery  
  125  8:35  Templar Archives  
  125  8:36  Zealot x2  
  125  8:37  Zealot x3  
  125  8:39  Pylon  
  131  8:46  Zealot x3  
  100  8:57  Zealot x3  
  85  9:04  Zealot x2  
  85  9:08  Probe x2 (Chrono Boost)  
  76  9:16  Probe (Chrono Boost)  
  74  9:19  Probe x2 (Chrono Boost)  
  74  9:20  Probe (Chrono Boost)  
  77  9:28  Probe x3 (Chrono Boost)  
  77  9:29  High Templar, Probe (Chrono Boost)  
  77  9:30  High Templar  
  84  9:34  Probe x2 (Chrono Boost)  
  84  9:35  Archon, Probe  
  84  9:37  High Templar x2  
  91  9:39  Probe  
  91  9:41  Archon  
  92  9:48  Zealot x2  
  92  9:49  Zealot  
  101  9:54  Zealot x3  
  104  10:02  High Templar  
  104  10:03  High Templar  
  104  10:06  Shield Battery  
  108  10:07  Archon, Zealot x3  
  108  10:12  Shield Battery  
  108  10:13  Zealot x2  
  118  10:21  Zealot x3  
  118  10:22  Zealot  
  124  10:32  Zealot x2  
  104  10:38  Zealot x4  
  100  10:44  Zealot x2  
  100  10:45  Zealot x2  
  92  10:59  Zealot x3  
  92  11:00  Zealot x3  
  94  11:09  Zealot x3  
  94  11:10  Zealot  
Show
View Real Time Build Order
Export as new Build Order

MaNa Protoss 

Build Orders:  

Get SALT Encoding   

  12  0:00  Probe  
  13  0:12  Probe  
  14  0:17  Pylon  
  14  0:24  Probe (Chrono Boost)  
  15  0:36  Probe (Chrono Boost)  
  15  0:37  Gateway  
  16  0:44  Probe (Chrono Boost)  
  16  0:46  Assimilator  
  17  0:50  Probe  
  18  1:03  Probe (Chrono Boost)  
  19  1:04  Assimilator  
  19  1:10  Pylon  
  19  1:14  Probe (Chrono Boost)  
  20  1:19  Probe (Chrono Boost)  
  21  1:27  Cybernetics Core  
  21  1:29  Probe  
  21  1:32  Zealot  
  24  1:41  Probe  
  24  1:42  Pylon  
  25  1:51  Pylon  
  25  1:53  Probe  
  26  2:01  Warp Gate (Chrono Boost)  
  26  2:04  Stalker  
  26  2:05  Probe  
  29  2:17  Pylon  
  29  2:18  Probe  
  29  2:25  Robotics Facility  
  29  2:31  Probe  
  30  2:42  Nexus  
  30  2:44  Stalker  
  32  2:47  Probe  
  33  2:56  Gateway  
  33  3:00  Probe  
  34  3:12  Probe  
  34  3:13  Shield Battery  
  34  3:16  Stalker  
  36  3:24  Probe  
  36  3:36  Probe  
  36  3:37  Twilight Council  
  37  3:46  Forge  
  37  3:52  Probe (Chrono Boost)  
  37  3:54  Probe (Chrono Boost)  
  39  3:58  Stalker  
  39  4:00  Sentry  
  43  4:04  Probe (Chrono Boost)  
  43  4:06  Probe (Chrono Boost)  
  45  4:11  Pylon  
  45  4:12  Probe (Chrono Boost)  
  45  4:13  Phoenix, Probe (Chrono Boost)  
  47  4:18  Probe  
  47  4:21  Protoss Ground Weapons Level 1 (Chrono Boost), Probe  
  49  4:24  Blink  
  49  4:30  Probe  
  50  4:33  Probe  
  51  4:42  Robotics Facility, Probe  
  52  4:45  Probe  
  53  4:54  Probe  
  53  4:58  Probe  
  55  5:06  Probe  
  55  5:10  Probe  
  55  5:11  Gateway  
  55  5:12  Gateway  
  57  5:25  Nexus  
  57  5:29  Warp Prism  
  57  5:33  Sentry x2  
  57  5:34  Gateway x2  
  61  5:40  Pylon  
  61  5:49  Pylon  
  61  5:56  Pylon  
  61  5:58  Stalker x2  
  65  6:05  Observer  
  65  6:06  Stalker x2  
  70  6:16  Shield Battery  
  70  6:29  Stalker x5  
  70  6:32  Stalker  
  82  6:34  Assimilator  
  82  6:38  Pylon  
  78  6:48  Charge (Chrono Boost), Warp Prism  
  78  6:50  Probe x3  
  71  7:12  Stalker x2  
  71  7:13  Zealot x4  
  81  7:24  Gateway x2  
  81  7:29  Probe  
  83  7:30  Probe x2  
  84  7:39  Zealot x3  
  90  7:45  Zealot  
  90  7:46  Zealot  
  90  7:47  Zealot  
  90  7:51  Probe  
  97  7:53  Pylon  
  97  7:59  Pylon x2  
  97  8:06  Pylon  
  97  8:20  Zealot x7  
  97  8:21  Zealot  
  112  8:40  Zealot x5  
  112  8:41  Zealot x2  
  86  9:00  Zealot  
  86  9:02  Zealot x7  
  94  9:04  Zealot x2  
  94  9:05  Zealot x6  
  78  9:10  Warp Prism (Chrono Boost)  
  78  9:20  Templar Archives  
  78  9:25  Zealot x4  
  78  9:26  Zealot x2  
  78  9:29  Zealot  
  92  9:32  Zealot  
  94  9:45  Observer (Chrono Boost)  
  95  9:51  Zealot x2  
  99  9:57  High Templar x6  
  111  10:00  Pylon  
  111  10:01  Archon x3  
  111  10:20  Zealot x8  
  111  10:38  Zealot x2  
  111  10:42  Zealot x6  
  95  10:45  Zealot x6  
  93  10:53  Warp Prism  
  80  11:07  Stalker x7  
  80  11:08  Stalker  

Tags
 
Add a new tag
Caveats
  • Supply blocks, unpowered buildings, or Contaminate may cause inaccurate times.
  • Supply counts are checked every 10 seconds.